 Dungeon Crawl Stone Soup version 0.19-a0-627-g7ac35de (webtiles) character file.

17 Folque01 the Ruffian (level 2, -10/23 HPs)
             Began as a Draconian Transmuter on June 13, 2016.
             Splashed by Ijyb's acid (12 damage)
             ... on level 2 of the Dungeon.
             The game lasted 00:06:55 (1303 turns).

Folque01 the Ruffian (Draconian Transmuter)         Turns: 1303, Time: 00:06:56

Health: -10/23     AC:  1    Str: 12    XL:     2   Next: 44%
Magic:  2/5        EV: 12    Int: 13    God:
Gold:   50         SH:  0    Dex: 14    Spells: 2 memorised, 2 levels left

rFire  . . .     SeeInvis .       - Unarmed
rCold  . . .     Gourm    .     (armour unavailable)
rNeg   . . .     Faith    .     (no shield)
rPois  .         Spirit   .     (helmet restricted)
rElec  .         Dismiss  .     (no cloak)
rCorr  .         Reflect  .     e - +0 pair of gloves {Dex+3}
SustAt .         Harm     .     (no boots)
MR     .....                    (no amulet)
Stlth  +.........               (no ring)
                                (no ring)

@: appendage, corroded, not resistant to hostile enchantments, very unstealthy
A: unfitting armour, horns 2, cold-blooded, AC +4
a: End Transformation


You were on level 2 of the Dungeon.
You were not hungry.
You had grown temporary horns.
You visited 1 branch of the dungeon, and saw 2 of its levels.

You collected 50 gold pieces.

Inventory:

Missiles
 a - 11 arrows
Armour
 e - a +0 pair of gloves of dexterity (worn)
Scrolls
 f - a scroll of recharging {unknown}
 h - 2 scrolls of identify {unknown}
Potions
 d - a potion of curing {unknown}
 i - a potion of brilliance {unknown}
Books
 b - a book of Changes

   Spells                             Type                      Level
   a - Beastly Appendage              Transmutation                1
   b - Sticks to Snakes               Transmutation                2
   c - Spider Form                    Transmutation/Poison         3
   d - Ice Form                       Ice/Transmutation            4
   e - Blade Hands                    Transmutation                5
Comestibles
 c - a bread ration
 g - 2 chunks of flesh


   Skills:
 + Level 1.2 Fighting
 - Level 2.0 Dodging
 - Level 3.0 Unarmed Combat
 + Level 2.3 Spellcasting
 * Level 2.5 Transmutations


You had 2 spell levels left.
You knew the following spells:

 Your Spells              Type           Power        Failure   Level  Hunger
a - Beastly Appendage     Tmut           #.....       10%         1    #......
b - Sticks to Snakes      Tmut           #.......     14%         2    ###....


Dungeon Overview and Level Annotations

Branches:
Dungeon (2/15)

Altars:

Annotations:
D:2 Ijyb


Innate Abilities, Weirdness & Mutations

Your plain brown scales are hard. (AC +4)
Your body does not fit into most forms of armour.
You are cold-blooded and may be slowed by cold attacks.
You have a pair of horns on your head.


Message History

Magic restored.
You now have 50 gold pieces (gained 14).
Your horns disappear.
Ijyb the Twisted Goblin comes into view.
She is wielding a dagger.
Casting: Beastly Appendage
Confirm with . or Enter, or press ? or * to list all spells.
You grow a pair of large bovine horns.
Casting: Beastly Appendage
Confirm with . or Enter, or press ? or * to list all spells.
You create a snake!
You now have 11 arrows.
Your ball python bites Ijyb but does no damage.
Your ball python grabs Ijyb.
Your ball python constricts Ijyb.
Ijyb zaps a wand.
The bolt of acid misses your ball python.
The bolt of acid hits you!
Ouch! That really hurt!
* * * LOW HITPOINT WARNING * * *
The acid corrodes you!
The acid burns!
Ouch! That really hurt!
You die...

## .#. #. .#.
#########. ..
.......... ##.#
#########. #..
#<. . #.# ##..
....#####.#
##...
.....gS@..####
###..#.
.#######.....##
#...##.
##.##..#
#.##### #.###.#
##.# #.#
#.###..# ###
#..##.##
##..)..#
#.........#
#..######.....


You could see Ijyb and a friendly ball python.

Vanquished Creatures
  A giant gecko (D:1)
  A giant cockroach (D:1)
  2 goblins (D:1)
  4 hobgoblins
  3 bats (D:1)
  2 giant newts (D:1)
  2 kobolds (D:1)
  A rat (D:1)
16 creatures vanquished.

Notes
Turn   | Place    | Note
--------------------------------------------------------------
     0 | D:1      | Folque01 the Draconian Transmuter began the quest for the Orb.
     0 | D:1      | Reached XP level 1. HP: 16/16 MP: 3/3
   696 | D:1      | Reached XP level 2. HP: 22/23 MP: 5/5
   939 | D:1      | Learned a level 2 spell: Sticks to Snakes
  1298 | D:2      | Noticed Ijyb
  1303 | D:2      | Splashed by Ijyb's acid

Vault maps used:
D:1:      co_arrival_random_square_maze
D:2:      first_bread, uniq_iyjb, uniq_crazy_yiuf_cottage

Skill      XL: |  1  2 |
---------------+-------+-----
Dodging        | 2 |  2.0
Fighting       | |  1.2
Unarmed Combat | |  3.0
Spellcasting   | |  2.3
Transmutations | |  2.5

Action                   || total
-------------------------++-------
Melee: Unarmed           ||    67
       Tailslap          ||    10
       Kick              ||     5
       Headbutt          ||     2
 Cast: Beastly Appendage ||    13
       Sticks to Snakes  ||     1
  Use: Scroll            ||     1
  Eat: Chunk             ||     2
Armor: Skin              ||    24
Dodge: Dodged            ||    39
